Map: Помечтай РВ

Players

Dobro - Winner!

  • Race: Terran Terran
  • League: Master
  • Spawn Location: 1:00

FFiR

  • Race: Protoss Protoss
  • League: Master
  • Spawn Location: 7:00

VOD

Have the link to the VOD?

Description

Time

  • Played on: Sept. 7, 2020, 12:49 p.m.
  • Length: 12:29
Show
View Real Time Build Order
Export as new Build Order

Dobro Terran - Winner!

Build Orders: 2 Factory, Gas First Reaper Expand 

Get SALT Encoding   

  12  0:00  SCV  
  13  0:12  SCV  
  14  0:17  Supply Depot  
  14  0:24  SCV  
  14  0:27  Refinery  
  15  0:38  SCV  
  16  0:44  Barracks  
  16  0:50  SCV  
  17  1:03  SCV  
  18  1:15  SCV  
  19  1:30  Orbital Command  
  19  1:31  Reaper  
  20  1:43  Command Center  
  20  1:54  Factory  
  20  1:57  SCV  
  21  2:08  Barracks Reactor  
  21  2:10  SCV  
  21  2:12  Refinery  
  22  2:17  Supply Depot  
  22  2:22  SCV  
  23  2:39  SCV  
  24  2:45  Factory Tech Lab  
  24  2:51  SCV  
  25  3:03  SCV  
  26  3:09  Orbital Command  
  26  3:10  Cyclone  
  29  3:15  SCV, Factory  
  29  3:25  Marine  
  29  3:26  Marine  
  31  3:34  SCV x2  
  31  3:38  Mag-Field Accelerator  
  33  3:46  SCV  
  34  3:48  SCV  
  34  3:51  Supply Depot  
  35  3:56  Command Center  
  35  3:57  Cyclone  
  38  4:03  SCV x2  
  38  4:04  Refinery  
  38  4:05  Refinery  
  39  4:24  SCV x2  
  39  4:26  Supply Depot  
  39  4:28  Armory  
  39  4:29  Supply Depot  
  40  4:32  Widow Mine x2  
  40  4:36  SCV x2  
  46  4:39  Cyclone  
  49  4:48  SCV x2  
  51  5:00  SCV x2  
  53  5:11  Orbital Command  
  53  5:12  SCV x2  
  55  5:14  Barracks Tech Lab  
  55  5:16  Factory  
  55  5:18  Cyclone  
  55  5:20  Drilling Claws  
  58  5:22  Widow Mine x2  
  58  5:24  SCV  
  58  5:25  SCV  
  64  5:31  Terran Vehicle And Ship Armor Level 1  
  64  5:36  SCV  
  64  5:37  SCV  
  64  5:39  Orbital Command  
  66  5:49  SCV x2  
  72  5:50  Widow Mine x2  
  72  5:55  Barracks Tech Lab, Refinery  
  72  5:58  Cyclone  
  72  5:59  Refinery  
  72  6:00  Factory  
  72  6:01  SCV x2  
  77  6:11  Cyclone  
  80  6:12  Widow Mine  
  80  6:13  SCV, Widow Mine  
  85  6:24  SCV x2  
  85  6:31  Supply Depot  
  85  6:32  Supply Depot  
  85  6:33  Supply Depot  
  85  6:47  Supply Depot  
  85  6:50  SCV, Hellion  
  85  6:53  Hellion  
  87  6:56  Cyclone x2  
  90  7:14  Factory  
  90  7:15  Factory  
  90  7:17  SCV x2  
  90  7:18  SCV  
  90  7:19  Command Center  
  93  7:28  Hellion x2  
  93  7:29  SCV x2  
  99  7:30  SCV  
  99  7:31  Cyclone x2, Terran Vehicle And Ship Armor Level 2  
  99  7:36  Armory  
  106  7:41  SCV x2  
  108  7:54  Widow Mine x2  
  108  7:56  Cyclone  
  115  8:04  Factory Tech Lab  
  115  8:10  Supply Depot  
  115  8:11  Cyclone x2  
  115  8:12  Factory Tech Lab  
  121  8:13  Supply Depot  
  119  8:28  Cyclone  
  119  8:31  Cyclone x2  
  119  8:32  Hellion x2  
  126  8:43  Cyclone x2  
  121  9:00  Cyclone  
  121  9:01  Command Center  
  115  9:06  Cyclone x2  
  112  9:15  Cyclone  
  110  9:18  Cyclone  
  110  9:19  Terran Vehicle Weapons Level 1  
  112  9:31  SCV x2, Hellion x2  
  112  9:32  SCV, Cyclone  
  112  9:38  Orbital Command, Cyclone x2  
  124  9:46  Engineering Bay  
  124  9:48  Hellion  
  124  9:49  Refinery  
  124  9:50  Cyclone  
  124  9:52  Refinery  
  129  9:53  Refinery  
  129  9:55  Refinery  
  129  10:00  Ghost Academy  
  129  10:03  Smart Servos  
  129  10:04  Cyclone  
  129  10:05  Infernal Pre-Igniter  
  132  10:16  Cyclone  
  132  10:17  Cyclone  
  138  10:26  SCV x2  
  140  10:31  Planetary Fortress  
  140  10:34  Sensor Tower  
  136  10:44  Siege Tank  
  136  10:45  Hellion  
  136  10:46  Hellion  
  136  10:48  Factory  
  149  10:50  Factory  
  149  10:54  Supply Depot  
  149  10:55  Enhanced Shockwaves  
  149  11:03  Barracks  
  149  11:13  Cyclone  
  149  11:16  Siege Tank x3  
  149  11:41  Cyclone  
  149  11:43  Hellion x3  
  149  11:45  Cyclone, Factory Tech Lab  
  159  11:48  Siege Tank x3  
  159  11:53  SCV x4  
Show
View Real Time Build Order
Export as new Build Order

FFiR Protoss 

Build Orders: 1 Gate Expand, Colossus Rush 

Get SALT Encoding   

  12  0:00  Probe  
  13  0:12  Probe  
  14  0:17  Pylon  
  14  0:24  Probe (Chrono Boost)  
  16  0:37  Probe (Chrono Boost)  
  16  0:38  Gateway  
  16  0:42  Probe (Chrono Boost)  
  16  0:45  Assimilator  
  17  0:53  Probe  
  18  1:05  Probe  
  19  1:17  Probe  
  20  1:25  Cybernetics Core  
  20  1:32  Nexus  
  20  1:39  Probe  
  21  1:42  Pylon  
  21  1:48  Assimilator  
  21  1:51  Probe  
  22  1:59  Adept (Chrono Boost)  
  22  2:02  Warp Gate  
  22  2:03  Probe  
  24  2:15  Probe  
  25  2:21  Stalker  
  27  2:27  Probe  
  28  2:39  Probe  
  28  2:47  Probe (Chrono Boost)  
  28  2:54  Probe (Chrono Boost)  
  28  2:59  Probe (Chrono Boost)  
  28  3:04  Robotics Facility  
  29  3:07  Probe (Chrono Boost)  
  29  3:08  Probe (Chrono Boost)  
  29  3:14  Probe (Chrono Boost)  
  29  3:17  Probe (Chrono Boost)  
  29  3:18  Stalker  
  34  3:29  Probe (Chrono Boost)  
  34  3:31  Probe (Chrono Boost)  
  35  3:34  Probe (Chrono Boost)  
  35  3:37  Probe  
  35  3:38  Gateway x2  
  37  3:43  Probe  
  38  3:48  Shield Battery  
  38  3:49  Probe  
  38  3:50  Pylon  
  38  3:51  Observer (Chrono Boost)  
  40  3:55  Probe  
  40  3:57  Sentry  
  40  4:01  Probe  
  44  4:08  Probe  
  44  4:09  Robotics Bay  
  45  4:13  Probe  
  45  4:15  Pylon  
  44  4:20  Probe  
  43  4:24  Stalker  
  43  4:27  Probe  
  43  4:28  Assimilator  
  43  4:30  Assimilator  
  46  4:31  Observer  
  46  4:34  Probe (Chrono Boost)  
  46  4:37  Stalker x2  
  52  4:40  Probe (Chrono Boost)  
  54  4:47  Pylon  
  54  4:49  Probe x2 (Chrono Boost)  
  55  4:56  Probe  
  56  5:00  Stalker x2  
  56  5:02  Probe  
  61  5:12  Colossus (Chrono Boost)  
  60  5:18  Stalker  
  68  5:21  Pylon  
  68  5:22  Probe  
  68  5:26  Pylon  
  69  5:29  Pylon  
  69  5:34  Probe  
  70  5:41  Stalker x2  
  74  5:47  Twilight Council  
  74  5:55  Disruptor (Chrono Boost)  
  76  6:00  Zealot  
  78  6:04  Probe x2  
  78  6:09  Stalker  
  78  6:10  Stalker  
  78  6:11  Pylon  
  84  6:14  Gateway  
  84  6:16  Gateway  
  84  6:18  Probe  
  85  6:19  Probe  
  86  6:26  Zealot  
  88  6:33  Disruptor (Chrono Boost)  
  88  6:38  Nexus  
  88  6:39  Pylon  
  91  6:43  Probe x2  
  93  6:50  Charge (Chrono Boost)  
  93  6:55  Zealot x3  
  93  7:00  Probe x2  
  94  7:10  Zealot x2  
  94  7:11  Extended Thermal Lance (Chrono Boost)  
  94  7:12  Colossus (Chrono Boost)  
  98  7:18  Zealot  
  98  7:21  Zealot  
  108  7:27  Pylon  
  108  7:29  Shield Battery  
  108  7:34  Pylon  
  108  7:38  Pylon  
  92  7:52  Zealot x4  
  92  7:53  Zealot  
  92  7:56  Colossus (Chrono Boost)  
  108  8:07  Pylon  
  108  8:14  Gateway  
  108  8:15  Gateway  
  108  8:18  Zealot  
  110  8:21  Stalker  
  110  8:23  Blink  
  110  8:24  Sentry x2  
  116  8:33  Zealot  
  114  8:40  Colossus (Chrono Boost)  
  111  8:42  Zealot  
  85  9:09  Stalker x2  
  80  9:10  Stalker  
  79  9:22  Robotics Facility, Colossus (Chrono Boost)  
  75  9:31  Zealot x4  
  77  9:39  Stalker x2  
  77  9:40  Stalker  
  83  9:51  Stalker x2  
  87  9:53  Stalker  
  89  10:03  Observer (Chrono Boost)  
  89  10:06  Stalker  
  92  10:07  Stalker, Zealot  
  92  10:10  Sentry  
  98  10:15  Sentry  
  98  10:16  Zealot  
  98  10:18  Disruptor (Chrono Boost)  
  106  10:29  Probe  
  106  10:30  Observer (Chrono Boost)  
  107  10:36  Stalker, Zealot x2  
  107  10:42  Disruptor (Chrono Boost)  
  111  10:47  Zealot x2  
  118  10:58  Pylon  
  118  11:03  Pylon  
  118  11:16  Disruptor (Chrono Boost)  
  121  11:25  Zealot x4  
  120  11:36  Disruptor (Chrono Boost)  
  106  11:42  Stalker x2  
  109  11:48  Zealot  
  111  11:57  Stalker x2  
  115  12:02  Probe  
Tags
 
Add a new tag
Caveats
  • Supply blocks, unpowered buildings, or Contaminate may cause inaccurate times.
  • Supply counts are checked every 10 seconds.